 Dungeon Crawl Stone Soup version 0.30.0-10-gfe55d96785 (webtiles) character file.

Game seed: 12390844332403164394

2888 Byczy the Arsonist (level 9, -10/46 HPs)
             Began as a Deep Elf Fire Elementalist on May 15, 2023.
             Was a Believer of Vehumet.
             Mangled by a yak (13 damage)
             ... on level 7 of the Dungeon.
             The game lasted 00:39:32 (7386 turns).

Byczy the Arsonist (Deep Elf Fire Elementalist)     Turns: 7386, Time: 00:39:33

Health: -10/46     AC:  2    Str:  5    XL:     9   Next: 48%
Magic:  24/25      EV: 13    Int: 30    God:    Vehumet [**....]
Gold:   117        SH:  0    Dex: 15    Spells: 16/28 levels left

rFire   . . .        h - +2 long sword of Tartarus {flame, Int+5}
rCold   . . .        (no shield)
rNeg    . . .        a - +0 robe
rPois   +            (no helmet)
rElec   .            p - scarf {shadows}
rCorr   .            (no gloves)
SInv    .            (no boots)
Will    .....        (no amulet)
Stlth   ++           g - ring of poison resistance
HPRegen 0.27/turn    (no ring)
MPRegen 0.19/turn

%: no passive effects
@: about to teleport
A: no striking features
a: Renounce Religion


You were on level 7 of the Dungeon.
You worshipped Vehumet.
Vehumet was pleased with you.
You visited 2 branches of the dungeon, and saw 8 of its levels.

You collected 271 gold pieces.
You spent 154 gold pieces at shops.

Inventory:

Hand Weapons
 c - a +1 short sword
 h - the +2 long sword of Tartarus (weapon) {flame, Int+5}
   (You found it on level 2 of the Dungeon)

   Int:       It affects your intelligence (+5).
 o - a +3 short sword
Armour
 a - a +0 robe (worn)
 p - a scarf of shadows (worn)
Magical Staves
 w - a staff of cold
Jewellery
 g - a ring of poison resistance (left hand)
Wands
 l - a wand of flame (15)
 C - a wand of roots (1)
 D - a wand of light (5)
 E - a wand of paralysis (23)
Scrolls
 d - a scroll of amnesia
 m - 9 scrolls of identify
 n - a scroll of noise
 r - a scroll of acquirement {unknown}
 v - a scroll of fog {unknown}
 y - 2 scrolls of blinking
 A - a scroll of torment {unknown}
 B - 2 scrolls of fear {unknown}
 F - a scroll of vulnerability {unknown}
Potions
 b - 2 potions of magic
 e - a potion of ambrosia {unknown}
 f - a potion of flight {unknown}
 i - a potion of degeneration {unknown}
 j - a potion of invisibility {unknown}
 k - a potion of curing
 q - a potion of mutation {unknown}
 s - a potion of heal wounds
 u - a potion of brilliance
 x - a potion of cancellation {unknown}
 z - a potion of might {unknown}


   Skills:
 + Level 0.5 Fighting
 + Level 0.3 Long Blades
 + Level 3.0 Dodging
 + Level 3.3 Stealth
 + Level 10.1 Spellcasting
 + Level 4.4 Conjurations
 * Level 10.8 Fire Magic
 + Level 1.7 Air Magic
 + Level 0.9 Poison Magic


You had 16 spell levels left.
You knew the following spells:

 Your Spells              Type           Power      Damage    Failure   Level
a - Foxfire               Conj/Fire      100%       2x1d9     1%          1
b - Scorch                Fire           100%       2d9       1%          2
c - Flame Wave            Conj/Fire      57%        2d14      1%          4
d - Poisonous Vapours     Pois/Air       46%        N/A       3%          2
e - Dazzling Flash        Conj/Hex       56%        N/A       4%          3

Your spell library contained the following spells:

 Spells                   Type           Power      Damage    Failure   Level
 Ignite Poison            Fire/Tmut/Pois 38%        N/A       1%          3
 Inner Flame              Hex/Fire       47%        N/A       1%          3
 Volatile Blastmotes      Fire/Tloc      94%        2d17      1%          3
 Sting                    Tmut/Pois      68%        1d6       3%          1
 Iskenderun's Mystic Bla  Conj/Tloc      28%        2d7       14%         4
 Starburst                Conj/Fire      28%        6d9       22%         6
 Olgreb's Toxic Radiance  Pois           20%        N/A       24%         4


Dungeon Overview and Level Annotations

Branches:
Dungeon (7/15)             Temple (1/1) D:4

Altars:
Ashenzari
Cheibriados
Dithmenos
Elyvilon
Fedhas
Gozag
Hepliaklqana
Kikubaaqudgha
Makhleb
Nemelex Xobeh
Okawaru
Qazlal
Sif Muna
Trog
Uskayaw
Vehumet
Wu Jian
Xom
Yredelemnul
Zin
The Shining One

Shops:
D:4 !

Annotations:
D:7 Maggie


Message History

You are lethally poisoned!
The killer bee poisons you!
You feel much better.
You feel very sick. The killer bee barely misses you.
The killer bee stings you!
* * * LOW HITPOINT WARNING * * *
You feel better. The killer bee stings you! The killer bee stings you.
* * * LOW HITPOINT WARNING * * *
You are poisoned.
The killer bee poisons you!
A yak comes into view.
The yak gores you but does no damage.
You feel better.
The yak bellows!
The killer bee misses you.
The killer bee stings you but does no damage.
The yak misses you.
Casting: Foxfire (safe; 1% risk of failure)
Confirm with . or Enter, or press ? or * to list all spells.
Casting: Flame Wave (dangerous; 1% risk of failure)
Press: ? - help, Dir - look around, f - activate A wave of flame ripples out!
The flame wave engulfs the yak.
The yak is lightly wounded.
The flame wave engulfs the killer bee!
You kill the killer bee!
Vehumet accepts your kill.
You feel your power returning.
The flame wave engulfs the yak but does no damage. (Press . to intensify the flame waves.)
You hear a shout!
The yak gores you!
* * * LOW HITPOINT WARNING * * *
The yak misses you.
As you read the scroll of teleportation, it crumbles to dust.
You feel strangely unstable. The yak misses you. x2
Magic courses through your body. The yak completely misses you.
The yak gores you.
* * * LOW HITPOINT WARNING * * *
The yak gores you!
You die...

#.# #.# #)# #.# #)#
#.####)#############
#........YY@.......#
#..###†#>.YY.......#
........######.#
#[###.##.# #.# #.
#.##.# #.# # ..##.#
#.# $...#.# #.# ..#
#.# #.##


You could see 4 yaks.

Vanquished Creatures
  Prince Ribbit (D:7)
  3 water moccasins
  An orc warrior (D:7)
  A sky beast (D:5)
  2 ogres
  A phantom (D:4)
  2 kobold brigands
  A bullfrog (D:7)
  2 scorpions (D:6)
  8 wights (D:7)
  4 killer bees (D:7)
  A howler monkey (D:4)
  2 orc priests
  8 hounds
  An iron imp (D:5)
  3 jellies (D:5)
  A sleepcap (D:6)
  2 gnoll boudas
  Jessica (D:3)
  Terence (D:2)
  2 iguanas
  4 orc wizards
  Robin (D:3)
  5 adders
  10 gnolls
  A shadow imp (D:5)
  A white imp (D:5)
  An ufetubus (D:5)
  2 worms
  2 dart slugs
  18 orcs
  5 ball pythons
  6 bats
  5 endoplasms
  2 giant cockroaches (D:2)
  7 hobgoblins
  7 jackals
  3 quokkas
  5 frilled lizards
  16 goblins
  A goblin skeleton (D:5)
  3 goblin zombies (D:5)
  3 hobgoblin zombies (D:5)
  14 kobolds
  2 kobold skeletons (D:5)
  An orc skeleton (D:5)
  4 orc zombies (D:5)
  4 rats
181 creatures vanquished.

Vanquished Creatures (others)
  512 foxfires
512 creatures vanquished.

Grand Total: 693 creatures vanquished

Notes
Turn   | Place    | Note
-------+----------+-------------------------------------------
     0 | D:1      | Byczy the Deep Elf Fire Elementalist began the quest for
                  | the Orb.
     0 | D:1      | Reached XP level 1. HP: 10/10 MP: 6/6
   182 | D:1      | Reached XP level 2. HP: 7/15 MP: 0/8
   629 | D:1      | Learned a level 2 spell: Scorch
  1393 | D:2      | Reached XP level 3. HP: 18/19 MP: 3/10
  1578 | D:2      | Identified the +2 long sword of Tartarus {flame, Int+5}
  1859 | D:2      | Noticed Terence
  1890 | D:2      | Killed Terence
  1891 | D:2      | Reached XP level 4. HP: 24/24 MP: 1/11
  2276 | D:3      | Noticed Jessica
  2281 | D:3      | Killed Jessica
  2369 | D:3      | Found an opulent altar of Gozag.
  2391 | D:3      | Found a shimmering blue altar of Sif Muna.
  2754 | D:3      | Noticed Robin
  2793 | D:4      | Reached skill level 5 in Fire Magic
  2793 | D:4      | Reached XP level 5. HP: 28/28 MP: 3/14
  2970 | D:3      | Killed Robin
  2971 | D:3      | Reached skill level 5 in Spellcasting
  3131 | D:4      | Learned a level 4 spell: Flame Wave
  3171 | D:4      | Noticed a phantom
  3176 | D:4      | Killed a phantom
  3177 | D:4      | Reached XP level 6. HP: 32/32 MP: 7/15
  3328 | D:4      | Found Ysuybloc's Distillery.
  3349 | D:4      | Bought a potion of heal wounds for 55 gold pieces
  3349 | D:4      | Bought a potion of heal wounds for 55 gold pieces
  3679 | D:4      | Found a staircase to the Ecumenical Temple.
  3753 | Temple   | Entered the Ecumenical Temple
  3846 | Temple   | Became a worshipper of Vehumet
  4006 | D:4      | Bought a potion of brilliance for 44 gold pieces
  4014 | D:5      | Entered Level 5 of the Dungeon
  4014 | D:5      | Noticed a sky beast
  4020 | D:5      | Killed a sky beast
  4032 | D:5      | Reached XP level 7. HP: 36/36 MP: 4/17
  4340 | D:5      | Found a glowing golden altar of the Shining One.
  4718 | D:5      | Learned a level 2 spell: Poisonous Vapours
  4718 | D:5      | Reached * piety under Vehumet
  4718 | D:5      | Offered knowledge of Freeze by Vehumet.
  5143 | D:5      | Reached XP level 8. HP: 42/42 MP: 14/21
  5596 | D:6      | Found a burning altar of Makhleb.
  6393 | D:7      | Learned a level 3 spell: Dazzling Flash
  6404 | D:7      | Reached ** piety under Vehumet
  6404 | D:7      | Offered knowledge of Kiss of Death by Vehumet.
  6583 | D:7      | Reached skill level 1 in Air Magic
  6583 | D:7      | Reached XP level 9. HP: 11/45 MP: 11/24
  6746 | D:7      | Found a basalt altar of Yredelemnul.
  6758 | D:7      | Reached skill level 10 in Fire Magic
  7166 | D:7      | Noticed Maggie
  7360 | D:7      | Noticed Prince Ribbit
  7366 | D:7      | Killed Prince Ribbit
  7373 | D:7      | Offered knowledge of Ignite Poison by Vehumet.
  7374 | D:7      | Reached skill level 10 in Spellcasting
  7386 | D:7      | Mangled by a yak

Illustrated notes

Levels and vault maps discovered:
D:1:      minmay_arrival_four_houses, layout_basic, feat_on_display
D:2:      layout_loops_ring, patterned_corridor, uniq_terence
D:3:      layout_basic, mainiacjoe_overflow_large_starburst, serial_rivers,
          chequers_serial_rivers_room_a, chequers_serial_rivers_marsh,
          chequers_serial_rivers_room_a, chequers_serial_rivers_micro_b,
          chequers_serial_rivers_micro_c, chequers_serial_rivers_large_a,
          uniq_jessica, uniq_robin
D:4:      dreamdust_elfheim, layout_cave_pools, minmay_temple_entry_fiery,
          serial_shops, shop
D:5:      layout_basic, nicolae_tso_besieged_by_evil
D:6:      layout_cave_pools, lemuel_tele_altar
D:7:      layout_loops_ring, mainiacjoe_overflow_24_doors, nrook_uturn,
          uniq_maggie, uniq_prince_ribbit1
Temple:   minmay_temple_bridge_d

Skill      XL: |  1  2  3  4  5  6  7  8  9 |
---------------+----------------------------+-----
Fire Magic     | 4 5 6 7 9 10 | 10.8
Spellcasting   | 4 5 7 9 10 | 10.1
Stealth        | 3 |  3.3
Conjurations   | 2 3 4 |  4.4
Dodging        | 3 |  3.0
Air Magic      | 1 |  1.7
Fighting       | |  0.5
Long Blades    | |  0.3
Poison Magic   | |  0.9

Action                     |  1- 3 |  4- 6 |  7- 9 || total
---------------------------+-------+-------+-------++-------
  Melee: Unarmed           |     1 |       |       ||     1
         Short sword       |     2 |     3 |       ||     5
         Long sword        |       |       |    13 ||    13
   Cast: Foxfire           |    71 |   108 |   129 ||   308
         Scorch            |     8 |     2 |    61 ||    71
         Poisonous Vapours |       |       |    11 ||    11
         Flame Wave        |       |       |     5 ||     5
         Dazzling Flash    |       |       |     1 ||     1
    Use: Scroll            |     2 |       |     5 ||     7
         Potion            |     1 |     1 |     6 ||     8
 Armour: Robe              |     6 |    14 |     7 ||    27
  Dodge: Dodged            |    25 |    30 |    48 ||   103
